 Dungeon Crawl Stone Soup version 0.30.0-29-ga12c61a403 (webtiles) character file.

Game seed: 15384798341176949865

62 JanusIIV the Shooter (level 3, 0/22 HPs)
             Began as a Deep Elf Hunter on June 4, 2023.
             Slain by Natasha (3 damage)
             ... on level 3 of the Dungeon.
             The game lasted 00:03:02 (1448 turns).

JanusIIV the Shooter (Deep Elf Hunter)              Turns: 1448, Time: 00:03:02

Health: 0/22       AC:  4    Str:  8    XL:     3   Next: 85%
Magic:  5/5        EV: 12    Int: 13    God:
Gold:   198        SH:  0    Dex: 20    Spells: 2/2 levels left

rFire   . . .        a - +0 shortbow
rCold   . . .        (shield currently unavailable)
rNeg    . . .        c - +0 leather armour
rPois   .            (no helmet)
rElec   .            (no cloak)
rCorr   .            l - +0 pair of gloves
SInv    .            (no boots)
Will    .....        (no amulet)
Stlth   ++           (no ring)
HPRegen 0.23/turn    (no ring)
MPRegen 0.09/turn

%: no passive effects
@: no status effects
A: no striking features
a: no special abilities


You were on level 3 of the Dungeon.
You visited 1 branch of the dungeon, and saw 3 of its levels.

You collected 198 gold pieces.

Inventory:

Hand Weapons
 a - a +0 shortbow (weapon)
Armour
 c - a +0 leather armour (worn)
 l - a +0 pair of gloves (worn)
Scrolls
 b - a scroll of immolation
 e - a scroll of noise {unknown}
 f - 3 scrolls of teleportation {unknown}
 j - a scroll of enchant weapon {unknown}
Potions
 d - a potion of might {unknown}
 g - a potion of mutation {unknown}
 h - a potion of degeneration {unknown}
 i - a potion of haste {unknown}
 k - a potion of brilliance {unknown}
 m - a potion of curing {unknown}


   Skills:
 + Level 2.6 Fighting
 + Level 6.4 Ranged Weapons
 - Level 2.4 Dodging
 - Level 1.2 Stealth


You had 2 spell levels left.
You didn't know any spells.
Your spell library was empty.

Dungeon Overview and Level Annotations

Branches:
Dungeon (3/15)

Altars:

Annotations:
D:3 Natasha


Message History

You shoot an arrow. The arrow closely misses the orc.
The orc shouts!
The orc closely misses you.
You shoot an arrow. The arrow hits the orc!
You kill the orc!
You shoot an arrow. The arrow barely misses the orc.
You shoot an arrow. The arrow hits the orc!
You kill the orc!
No target in view!
Found a stone staircase leading down.
You see here a +0 falchion.
Found a stone staircase leading up.
You now have 192 gold pieces (gained 12).
You now have 198 gold pieces (gained 6).
An orc comes into view. It is wielding a +0 club.
An orc is nearby!
You shoot an arrow. The arrow barely misses the orc.
The orc shouts!
You shoot an arrow. The arrow hits the orc!
You kill the orc!
As you open the door, it creaks loudly!
There is an open door here.
Natasha, Servant of Life and Death comes into view.
You shoot an arrow. The arrow misses Natasha.
Natasha hisses angrily.
Natasha casts a spell at you. The magic dart hits you.
You shoot an arrow. The arrow hits Natasha.
Natasha is lightly wounded.
Natasha claws you!
You are too injured to fight recklessly!
You are too injured to fight recklessly!
You shoot an arrow. The arrow hits Natasha!
Natasha is severely wounded.
Natasha claws you.
* * * LOW HITPOINT WARNING * * *
You shoot an arrow. The arrow closely misses Natasha.
Natasha claws you.
* * * LOW HITPOINT WARNING * * *
Natasha claws you.
You die...

#....#.# #...).....+
#....#.# #.##)..####
#....#.###.......# .
###....#......#)...#.#
###.............#....#.#
#.[..############......# #
#......................#.#
#....###########h....)..>..
#....<..........@....#.####
###..##########.#.....<...
#.............#...###.##
##...##########........#
###.# #...###### #.# ##'##
#.# #.# #.# #.#
#.###########.#


You could see Natasha.

Vanquished Creatures
  An adder (D:2)
  4 dart slugs
  4 orcs (D:3)
  5 ball pythons
  4 bats
  2 endoplasms
  2 giant cockroaches (D:1)
  5 hobgoblins
  4 quokkas
  2 frilled lizards
  3 goblins (D:2)
  A kobold (D:2)
  A rat (D:1)
38 creatures vanquished.

Notes
Turn   | Place    | Note
-------+----------+-------------------------------------------
     0 | D:1      | JanusIIV the Deep Elf Hunter began the quest for the Orb.
     0 | D:1      | Reached XP level 1. HP: 12/12 MP: 3/3
    56 | D:1      | Reached XP level 2. HP: 17/17 MP: 4/4
   120 | D:1      | Found a faded altar of an unknown god.
   544 | D:2      | Reached skill level 6 in Ranged Weapons
   544 | D:2      | Reached XP level 3. HP: 22/22 MP: 5/5
  1444 | D:3      | Noticed Natasha
  1448 | D:3      | Slain by Natasha

Illustrated notes

Levels and vault maps discovered:
D:1:      moated_graveyard_arrival, layout_rooms,
          chequers_ecumenical_altar_simple
D:2:      layout_basic
D:3:      layout_basic, lightli_temple_of_fire, ebering_ghost_gozag,
          serial_shops, shop, uniq_natasha

Skill      XL: |  1  2 |
---------------+-------+-----
Fighting       | 2 |  2.6
Ranged Weapons | 6 |  6.4
Dodging        | |  2.4
Stealth        | |  1.2

Action                     || total
---------------------------++-------
   Fire: Shortbow          ||    88
 Armour: Leather armour    ||     1
  Dodge: Dodged            ||    11
